[Event "Titled Tuesday Blitz August 22 Late 2023"]
[White "only_strong_moves"]
[Black "Van Foreest, Jorden"]
[BlackFideId "1039784"]
[WhiteElo "2504"]
[BlackElo "2991"]
[Result "0-1"]
[Round "1"]
[TimeControl "180+1"]
[Date "2023.08.22"]
[WhiteClock "0:00:00"]
[BlackClock "0:01:07"]
[Board "23"]

1. e4 g6 2. Nc3 Bg7 3. d4 d6 4. f4 Nf6 5. Nf3 O-O 6. Be3 b6 7. e5 Ng4 8. Bg1 c5 9. dxc5 bxc5 10. h3 Nh6 11. Qd5 Qb6 12. Qxa8 Bb7 13. Nd5 Qxb2 14. Nxe7+ Kh8 15. Qxa7 Qxa1+ 16. Kf2 Bxf3 17. gxf3 dxe5 18. Bd3 exf4 19. Kg2 Qf6 20. Bxc5 Qg5+ 21. Kf1 Qh5 22. Be4 Nd7 23. Bd4 Ne5 24. Qc5 Ng8 25. Nc6 Re8 26. Nxe5 Bxe5 27. Bxe5+ Rxe5 28. Qd4 Nf6 29. Qd8+ Kg7 30. Bc6 Nd5 31. Bxd5 Rxd5 32. Qb6 Qxf3+ 33. Kg1 Rd1+ 0-1


[Site "https://www.chess.com"]

[Event "Titled Tuesday Blitz August 22 Late 2023"]
[White "Svane, Rasmus"]
[Black "Grinev, Valeriy"]
[WhiteFideId "4657101"]
[BlackFideId "14117517"]
[WhiteElo "2991"]
[BlackElo "2503"]
[Result "1/2-1/2"]
[Round "1"]
[TimeControl "180+1"]
[Date "2023.08.22"]
[WhiteClock "0:00:15"]
[BlackClock "0:00:21"]
[Board "24"]

1. Nf3 c5 2. c4 Nc6 3. Nc3 e5 4. e3 Nf6 5. Be2 d5 6. cxd5 Nxd5 7. O-O Nxc3 8. dxc3 Qxd1 9. Rxd1 e4 10. Ng5 f5 11. Bc4 Ne5 12. Bd5 Be7 13. Ne6 Bxe6 14. Bxe6 Rf8 15. Kf1 Rf6 16. Bd5 O-O-O 17. Ke2 Rfd6 18. Bb3 c4 19. Rxd6 Rxd6 20. Bc2 Nd3 21. b3 Bf6 22. Bd2 Nxf2 23. Rf1 cxb3 24. Bxb3 Nd3 25. Rxf5 Kc7 26. g4 h6 27. Rd5 Ne5 28. h3 Nf3 29. Rxd6 Kxd6 30. Bc2 Ke5 31. c4 Ng1+ 32. Kf1 Nxh3 33. Bc3+ Ke6 34. Be1 Ng5 35. Bg3 Be5 36. Bh4 Nf3 37. Be1 Nxe1 38. Kxe1 Bc3+ 39. Kf2 Ke5 40. Kg3 Be1+ 41. Kg2 b6 42. Kf1 Bh4 43. Ba4 Be7 44. Bc6 Bc5 45. Kf2 g6 46. Be8 Kf6 47. Bc6 Kg5 48. Bxe4 Kxg4 49. Bxg6 h5 50. Be8 h4 51. Bd7+ Kg5 52. Kf3 Bd6 53. Ke4 Kf6 54. Kd5 Ke7 55. Bg4 Bc5 56. e4 a5 57. e5 Bg1 58. Bh3 Bf2 59. a4 Bg1 60. Ke4 Bf2 61. Kf3 Bg3 62. Ke4 Bf2 63. Kf4 Bg3+ 64. Kf5 Bf2 65. Bg2 Bc5 66. Ke4 Bf2 67. Kd5 Be3 68. Bh3 Bf2 69. Ke4 Bg1 70. Bg4 Bf2 71. Kf5 Bg1 72. Kf4 Bf2 73. Kg5 Bd4 74. Kf5 Bf2 75. Bh3 Bg1 76. Ke4 Bf2 1/2-1/2


[Site "https://www.chess.com"]

[Event "Titled Tuesday Blitz August 22 Late 2023"]
[White "Glavina, Pablo"]
[Black "Santos Latasa, Jaime"]
[WhiteFideId "100234"]
[BlackFideId "2293307"]
[WhiteElo "2502"]
[BlackElo "2980"]
[Result "0-1"]
[Round "1"]
[TimeControl "180+1"]
[Date "2023.08.22"]
[WhiteClock "0:00:00"]
[BlackClock "0:00:31"]
[Board "25"]

1. c4 g6 2. Nc3 c5 3. Nf3 Bg7 4. g3 Nc6 5. Bg2 d6 6. O-O Bf5 7. b3 Qd7 8. Bb2 Bh3 9. e3 h5 10. d4 h4 11. dxc5 hxg3 12. fxg3 Bxg2 13. Kxg2 Qh3+ 14. Kg1 dxc5 15. Qe2 Nf6 16. Nd5 Rd8 17. Ng5 Qh5 18. Qxh5 Rxh5 19. Bxf6 exf6 20. Ne4 Kf8 21. Nexf6 Re5 22. Rae1 b6 23. Rf3 Re6 24. Ref1 Ne5 25. R3f2 Bh6 26. e4 Kg7 27. h3 a6 28. Ng4 Rd7 29. Nxe5 Rxe5 30. Nxb6 Rb7 31. Nd5 Rxe4 32. Kg2 f5 33. Rd1 a5 34. Nc3 Re3 35. Na4 Rc7 36. Rd5 Kh7 37. Nxc5 Bf8 38. Na4 Rc6 39. Rf3 Re2+ 40. Rf2 Re3 41. g4 Bd6 42. gxf5 Rg3+ 43. Kf1 gxf5 44. Rfxf5 Bb4 45. Kf2 Rcg6 46. Ke2 Kh6 47. Rh5+ Kg7 48. Rhf5 Rxh3 49. Rf2 Re6+ 50. Kf1 Rg3 51. Re2 Rf6+ 52. Rf2 Re6 53. Re2 Rf3+ 54. Rf2 Rfe3 55. Rg2+ Kf7 56. Rd1 Rf6+ 57. Rf2 Rh3 58. Rxf6+ Kxf6 59. Nb6 Ke5 0-1


[Site "https://www.chess.com"]

[Event "Titled Tuesday Blitz August 22 Late 2023"]
[White "Harikrishna, Pentala"]
[Black "Bilan, Danila"]
[WhiteFideId "5007003"]
[BlackFideId "24161918"]
[WhiteElo "2978"]
[BlackElo "2501"]
[Result "1-0"]
[Round "1"]
[TimeControl "180+1"]
[Date "2023.08.22"]
[WhiteClock "0:00:47"]
[BlackClock "0:00:03"]
[Board "26"]

1. Nf3 d5 2. e3 Nf6 3. c4 c6 4. Nc3 e6 5. b3 Nbd7 6. Bb2 Bd6 7. Qc2 a6 8. d4 Qe7 9. Be2 O-O 10. O-O dxc4 11. bxc4 e5 12. Rfe1 Re8 13. Nd2 Nf8 14. Nce4 Nxe4 15. Nxe4 Bb4 16. Nc3 Ng6 17. d5 Qg5 18. Ne4 Qh4 19. g3 Qe7 20. Red1 Bf5 21. a3 Bc5 22. Bd3 Bg4 23. Be2 Bf5 24. g4 Bxe4 25. Qxe4 cxd5 26. Rxd5 b6 27. a4 a5 28. Rad1 Rad8 29. Qf5 Rxd5 30. Rxd5 Rd8 31. Bd3 h6 32. Qf3 Rxd5 33. Qxd5 Qg5 34. h3 h5 35. Qa8+ Kh7 36. Qf3 hxg4 37. hxg4 Kg8 38. Kf1 Nh4 39. Qa8+ Bf8 40. Qe4 Ng6 41. Qf5 Qxf5 42. gxf5 Nh4 43. Bxe5 f6 44. Bc7 Bc5 45. Be4 Kf7 46. Bg3 g5 47. Ke2 Ng6 48. fxg6+ Kg7 49. Bf5 1-0


[Site "https://www.chess.com"]

[Event "Titled Tuesday Blitz August 22 Late 2023"]
[White "Reprintsev, Alexander"]
[Black "Paravyan, David"]
[WhiteFideId "14100541"]
[BlackFideId "4194985"]
[WhiteElo "2500"]
[BlackElo "2975"]
[Result "0-1"]
[Round "1"]
[TimeControl "180+1"]
[Date "2023.08.22"]
[WhiteClock "0:00:54"]
[BlackClock "0:01:56"]
[Board "27"]

1. e4 e5 2. Nf3 Nf6 3. d4 Nxe4 4. Bd3 d5 5. Nxe5 Bd6 6. Nc3 Nxc3 7. bxc3 O-O 8. Qh5 g6 9. Qh6 Nd7 10. f4 Re8 11. O-O Bf8 12. Qg5 Qxg5 13. fxg5 Nxe5 14. dxe5 Bg7 15. Bf4 Bd7 16. Rae1 Re6 17. Re2 Rae8 18. Rfe1 a6 19. Kf2 Bb5 20. h4 Rc6 21. Bd2 Rce6 22. Bf4 c5 23. Bxb5 axb5 24. Rd2 Bxe5 25. Be3 Bg3+ 26. Kxg3 Rxe3+ 27. Rxe3 Rxe3+ 28. Kf4 Rxc3 29. Ke5 d4 30. Kf6 Re3 0-1


[Site "https://www.chess.com"]

[Event "Titled Tuesday Blitz August 22 Late 2023"]
[White "Dardha, Daniel"]
[Black "Kaplan, Avi Harrison"]
[WhiteFideId "240990"]
[BlackFideId "30934559"]
[WhiteElo "2973"]
[BlackElo "2499"]
[Result "0-1"]
[Round "1"]
[TimeControl "180+1"]
[Date "2023.08.22"]
[WhiteClock "0:00:03"]
[BlackClock "0:00:08"]
[Board "28"]

1. d4 g6 2. e4 Bg7 3. Nc3 d6 4. h4 h6 5. Be3 e5 6. dxe5 Bxe5 7. Nf3 Bg7 8. Bc4 Nf6 9. Qd2 Qe7 10. O-O-O Nxe4 11. Nxe4 Qxe4 12. Bd5 Qf5 13. Rhe1 Kf8 14. Bd4 Nc6 15. Bxg7+ Kxg7 16. Re4 Rf8 17. Rf4 Qd7 18. Qc3+ Kh7 19. Ng5+ hxg5 20. hxg5 Ne5 21. Rh1+ Kg7 22. Rfh4 Re8 23. f4 Kf8 24. fxe5 Rxe5 25. Bxf7 Qc6 26. Qb3 d5 27. Qa3+ Kxf7 28. Rh7+ Ke6 29. Qe7+ Kf5 30. Qf6+ Qxf6 31. gxf6 Kxf6 32. Rxc7 Bf5 33. Rxb7 Rc8 34. c3 Re2 35. g4 Bxg4 36. Kb1 Bf5+ 37. Ka1 Rce8 38. Rc1 Re1 39. a4 Rxc1+ 40. Ka2 Ree1 41. Kb3 Rcd1 42. Rxa7 g5 43. Ra6+ Be6 44. a5 g4 45. Ra8 g3 46. a6 g2 47. a7 Ra1 48. Rf8+ Kg7 49. a8=Q Rxa8 50. Rxa8 g1=Q 51. Ra4 Qb6+ 52. Ka2 d4+ 53. Ka3 Ra1# 0-1


[Site "https://www.chess.com"]

[Event "Titled Tuesday Blitz August 22 Late 2023"]
[White "Hnydiuk, Aleksander"]
[Black "Vasquez Schroeder, Rodrigo"]
[WhiteFideId "1109057"]
[BlackFideId "3400042"]
[WhiteElo "2498"]
[BlackElo "2964"]
[Result "0-1"]
[Round "1"]
[TimeControl "180+1"]
[Date "2023.08.22"]
[WhiteClock "0:00:00"]
[BlackClock "0:01:35"]
[Board "29"]

1. e4 c5 2. Nf3 d6 3. d4 cxd4 4. Nxd4 Nf6 5. Nc3 a6 6. Be3 e6 7. a3 b5 8. g4 h6 9. f4 Bb7 10. Bg2 Nbd7 11. Qe2 Rc8 12. h4 Rxc3 13. bxc3 Nxe4 14. Bxe4 Bxe4 15. Rh3 Nc5 16. g5 hxg5 17. fxg5 Qc8 18. h5 e5 19. Rh4 exd4 20. Bxd4 d5 21. h6 Ne6 22. Rxe4 dxe4 23. Qxe4 Be7 24. hxg7 Rg8 25. Qh7 Kd7 26. O-O-O Kc7 27. Be5+ Kb6 28. Qe4 Qc6 29. Qe3+ Kb7 0-1


[Site "https://www.chess.com"]

[Event "Titled Tuesday Blitz August 22 Late 2023"]
[White "Ahmadzada, Ahmad"]
[Black "Mickiewicz, Piotr"]
[WhiteFideId "13413007"]
[BlackFideId "1114891"]
[WhiteElo "2956"]
[BlackElo "2497"]
[Result "1-0"]
[Round "1"]
[TimeControl "180+1"]
[Date "2023.08.22"]
[WhiteClock "0:01:27"]
[BlackClock "0:00:08"]
[Board "30"]

1. e4 c6 2. Nf3 d5 3. Nc3 dxe4 4. Nxe4 Nf6 5. Nxf6+ exf6 6. Bc4 Bd6 7. O-O O-O 8. h3 Nd7 9. d4 a5 10. Bd3 Re8 11. c4 g6 12. Be3 Nf8 13. Re1 Bd7 14. Qb3 Qc7 15. c5 Bf4 16. Bxf4 Qxf4 17. Rxe8 Rxe8 18. Qxb7 Bxh3 19. Qxc6 Rc8 20. Qd6 Qxd6 21. cxd6 Be6 22. Nd2 Rd8 23. Nc4 Bxc4 24. Bxc4 Rxd6 25. d5 Nd7 26. Rd1 Nb6 27. b3 a4 28. Kf1 axb3 29. Bxb3 Kf8 30. Ke2 Rd8 31. Ke3 Ke7 32. Kd4 h5 33. Rc1 Ra8 34. Rc6 Nd7 35. d6+ Ke8 36. Rc7 Ne5 37. f4 Nd7 38. a4 f5 39. a5 Kd8 40. Bxf7 Rxa5 41. Be6 Ra4+ 42. Kc3 Nb6 43. Rg7 1-0


[Site "https://www.chess.com"]

[Event "Titled Tuesday Blitz August 22 Late 2023"]
[White "Martins, Bruno Andre Leite"]
[Black "Keymer, Vincent"]
[WhiteFideId "1942255"]
[BlackFideId "12940690"]
[WhiteElo "2497"]
[BlackElo "2952"]
[Result "0-1"]
[Round "1"]
[TimeControl "180+1"]
[Date "2023.08.22"]
[WhiteClock "0:00:13"]
[BlackClock "0:02:44"]
[Board "31"]

1. e4 c6 2. d4 d5 3. Nc3 dxe4 4. Nxe4 Nf6 5. Nxf6+ exf6 6. c3 Bd6 7. Bd3 O-O 8. Qc2 Re8+ 9. Be3 h5 10. O-O-O Nd7 11. Ne2 Nf8 12. h3 Be6 13. Kb1 b5 14. g4 h4 15. Nf4 Bxf4 16. Bxf4 Qd5 17. b3 a5 18. Be4 Qd7 19. Qd2 Bxb3 20. axb3 Rxe4 21. Be3 a4 22. Kb2 axb3 23. Qd3 Ree8 24. Kxb3 Qd5+ 25. Kc2 Ra2+ 26. Kc1 Qb3 0-1


[Site "https://www.chess.com"]

[Event "Titled Tuesday Blitz August 22 Late 2023"]
[White "Zhigalko, Sergei"]
[Black "Rizzo, Tobias"]
[WhiteFideId "13502956"]
[BlackFideId "30942691"]
[WhiteElo "2949"]
[BlackElo "2493"]
[Result "1-0"]
[Round "1"]
[TimeControl "180+1"]
[Date "2023.08.22"]
[WhiteClock "0:01:50"]
[BlackClock "0:00:23"]
[Board "32"]

1. e4 c5 2. Nf3 e6 3. c3 Nf6 4. e5 Nd5 5. Bc4 Nc6 6. d4 d6 7. O-O dxe5 8. dxe5 Be7 9. Qe2 Nb6 10. Bd3 Qc7 11. Re1 Bd7 12. Bf4 h6 13. Nbd2 g5 14. Bg3 h5 15. h3 g4 16. hxg4 hxg4 17. Nh2 O-O-O 18. Ne4 Nxe5 19. Nxg4 f6 20. Nexf6 Bxf6 21. Nxf6 Bc6 22. Bxe5 Qg7 23. f3 Qh6 24. Ng4 Qh1+ 25. Kf2 Qh4+ 26. Bg3 Qg5 27. Qxe6+ Bd7 28. Qe5 1-0


[Site "https://www.chess.com"]

[Event "Titled Tuesday Blitz August 22 Late 2023"]
[White "NLLO777"]
[Black "Chigaev, Maksim"]
[BlackFideId "4108116"]
[WhiteElo "2489"]
[BlackElo "2948"]
[Result "0-1"]
[Round "1"]
[TimeControl "180+1"]
[Date "2023.08.22"]
[WhiteClock "0:00:08"]
[BlackClock "0:00:45"]
[Board "33"]

1. d4 Nf6 2. c4 g6 3. Nf3 Bg7 4. g3 O-O 5. Bg2 d6 6. O-O c5 7. Nc3 Nc6 8. d5 Na5 9. Nd2 a6 10. Qc2 b5 11. b3 b4 12. Nd1 Bf5 13. e4 Nxe4 14. Bxe4 Bxe4 15. Nxe4 Bxa1 16. Bh6 Bg7 17. Bxg7 Kxg7 18. Qb2+ Kg8 19. Ne3 Qd7 20. f4 f5 21. Ng5 Nb7 22. g4 Nd8 23. gxf5 Rxf5 24. Nxf5 Qxf5 25. Qe2 Ra7 26. Qe4 Qxe4 27. Nxe4 Nf7 28. f5 gxf5 29. Rxf5 a5 30. Rf3 a4 31. Ng3 Ne5 32. Re3 Kf7 33. Kg2 axb3 34. axb3 Ra2+ 35. Kh3 Ra3 36. Nf1 e6 37. dxe6+ Kxe6 38. Kg3 Kf5 39. Nd2 Ra8 40. Ne4 Rg8+ 41. Kh3 Kf4 42. Re1 Nf3 43. Nf6 Nxe1 44. Nxg8 Nf3 45. Nf6 Nd4 46. Nxh7 Nxb3 47. Nf6 Nd2 48. Nd5+ Kf3 49. Kh4 Ne4 50. Kh5 b3 51. h4 b2 0-1


[Site "https://www.chess.com"]

[Event "Titled Tuesday Blitz August 22 Late 2023"]
[White "Drygalov, Sergey"]
[Black "Flom, Gabriel"]
[WhiteFideId "24171743"]
[BlackFideId "621650"]
[WhiteElo "2940"]
[BlackElo "2488"]
[Result "1-0"]
[Round "1"]
[TimeControl "180+1"]
[Date "2023.08.22"]
[WhiteClock "0:00:09"]
[BlackClock "0:00:19"]
[Board "34"]

1. d4 Nf6 2. c4 g6 3. Nc3 Bg7 4. e4 d6 5. Nf3 O-O 6. Be2 e5 7. O-O Nc6 8. d5 Ne7 9. b4 a5 10. bxa5 Rxa5 11. a4 b6 12. Ba3 Ne8 13. Bb4 Ra8 14. Qb3 h6 15. a5 c5 16. dxc6 Nxc6 17. axb6 Rxa1 18. Rxa1 Qxb6 19. Nd5 Qb8 20. Rb1 Nxb4 21. Qxb4 Qxb4 22. Rxb4 Be6 23. h3 Bxd5 24. cxd5 Nf6 25. Bd3 Nd7 26. Kf1 Nc5 27. Bc2 Bf6 28. Nd2 Rc8 29. Nc4 Be7 30. Ke2 h5 31. g3 Rd8 32. h4 Kf8 33. Na5 Ra8 34. Nc6 Bf6 35. Kd2 Bg7 36. Rb2 Bh6+ 37. Ke2 Kg7 38. Bd3 Ra1 39. Bc2 Rc1 40. Na5 Kf6 41. Nc4 Nxe4 42. Kf3 Nd2+ 43. Nxd2 Bxd2 44. Be4 Rc3+ 45. Ke2 Bh6 46. Rb6 Bf8 47. Bd3 Rc5 48. Be4 Kg7 49. Rb7 Kf6 50. Rb8 Rc7 51. Rxf8 Rc4 52. Kf3 Rc3+ 53. Kg2 Rc4 54. f3 Rc3 55. Kh3 Re3 56. Ra8 Ke7 57. Ra7+ Kf8 58. Kg2 f5 59. Bb1 Rb3 60. Ba2 Rb2+ 61. Kf1 e4 62. fxe4 fxe4 63. Ra3 e3 64. Bc4 Rf2+ 65. Ke1 Rf3 66. Ra6 Ke8 67. Rxd6 Kf7 68. Re6 Rxg3 69. d6 Rg1+ 70. Ke2 Rg2+ 71. Kxe3 Rg3+ 72. Kf2 Rg4 73. d7 1-0


[Site "https://www.chess.com"]

[Event "Titled Tuesday Blitz August 22 Late 2023"]
[White "Michalczak, Thomas"]
[Black "Kovalev, Vladislav"]
[WhiteFideId "4622634"]
[BlackFideId "13504398"]
[WhiteElo "2488"]
[BlackElo "2936"]
[Result "0-1"]
[Round "1"]
[TimeControl "180+1"]
[Date "2023.08.22"]
[WhiteClock "0:01:22"]
[BlackClock "0:01:00"]
[Board "35"]

1. e4 e5 2. Nf3 Nc6 3. Bb5 a6 4. Ba4 d6 5. O-O Bd7 6. c4 g6 7. Nc3 Bg7 8. h3 Nge7 9. Nd5 O-O 10. d3 b5 11. Bc2 h6 12. b3 Nb8 13. Bb2 c5 14. a3 Nbc6 15. Qd2 f5 16. b4 fxe4 17. dxe4 Rxf3 18. gxf3 Bxh3 19. Rfd1 Nd4 20. Bxd4 exd4 21. bxc5 dxc5 22. Bd3 Nc6 23. f4 Qh4 24. Qe2 Rf8 25. Qf3 Ne5 26. Qe2 Bg4 0-1


[Site "https://www.chess.com"]

[Event "Titled Tuesday Blitz August 22 Late 2023"]
[White "Sargsyan, Shant"]
[Black "Geivondian, Arman"]
[WhiteFideId "13306766"]
[BlackFideId "24102032"]
[WhiteElo "2933"]
[BlackElo "2488"]
[Result "0-1"]
[Round "1"]
[TimeControl "180+1"]
[Date "2023.08.22"]
[WhiteClock "0:00:00"]
[BlackClock "0:00:27"]
[Board "36"]

1. c4 e5 2. g3 Nf6 3. Bg2 d5 4. cxd5 Nxd5 5. Nc3 Nb6 6. d3 Bd6 7. Be3 O-O 8. Rc1 c6 9. Nf3 Bc7 10. O-O Be6 11. Ng5 Bd5 12. Nxd5 cxd5 13. h4 Nc6 14. Qb3 h6 15. Nf3 d4 16. Bd2 Qd7 17. Rc2 Rac8 18. Rfc1 Bb8 19. a3 Qe6 20. Qxe6 fxe6 21. Bh3 Kf7 22. h5 Rcd8 23. Nh4 Rd7 24. Ng6 Rc8 25. Bg2 Ne7 26. Rxc8 Nexc8 27. Ba5 Kf6 28. Be4 Ne7 29. Nxe7 Kxe7 30. Kg2 Bd6 31. Kf3 Na4 32. Rc2 b6 33. Bd2 Rc7 34. Rxc7+ Bxc7 35. Bc1 Bd6 36. g4 Kf6 37. Bc6 Nc5 38. b4 Nb3 39. Bb2 Nd2+ 40. Kg2 a5 41. bxa5 bxa5 42. Ba4 Nb1 43. e3 Bxa3 44. Ba1 Nc3 45. Bc2 Ke7 46. Kf3 Kd6 47. Bb3 Bb4 48. Bc2 Kc5 49. Bb3 Kd6 50. Bc2 Bc5 51. Bb3 a4 52. Bc4 a3 53. exd4 exd4 54. g5 hxg5 55. Kg4 Ke7 56. Kxg5 e5 57. Kg6 Kf8 58. Kf5 Bd6 59. Ke6 Bb8 60. f3 Ne2 61. Kd7 Nf4 62. Kc8 Bd6 63. Kd7 Be7 64. Ba2 Nxh5 65. Ke6 Bf6 66. Kd5 Nf4+ 67. Kc4 g5 68. Bb3 Kg7 69. Bd1 Be7 70. Ba4 Kh6 71. Bd7 Kh5 72. Bg4+ Kh4 73. Kb5 Nxd3 74. Kc6 Nf4 75. Kd7 Bb4 76. Kc6 Bc3 0-1


[Site "https://www.chess.com"]

[Event "Titled Tuesday Blitz August 22 Late 2023"]
[White "Girsh, Daniel"]
[Black "Dominguez Perez, Leinier"]
[WhiteFideId "30949190"]
[BlackFideId "3503240"]
[WhiteElo "2484"]
[BlackElo "2932"]
[Result "0-1"]
[Round "1"]
[TimeControl "180+1"]
[Date "2023.08.22"]
[WhiteClock "0:00:00"]
[BlackClock "0:00:08"]
[Board "37"]

1. d4 d5 2. c4 dxc4 3. Nf3 c6 4. a4 Bg4 5. e3 Nd7 6. Bxc4 e6 7. O-O Ngf6 8. b3 Be7 9. Nbd2 O-O 10. Bb2 Qa5 11. h3 Bh5 12. Be2 Rac8 13. Nc4 Qc7 14. Rc1 Rfd8 15. Nce5 Nxe5 16. Nxe5 Bxe2 17. Qxe2 Nd7 18. Nc4 Nb6 19. Ne5 Bf6 20. Nd3 Nd7 21. Rfd1 Qb6 22. Nc5 Nxc5 23. dxc5 Qxb3 24. Bxf6 gxf6 25. Qg4+ Kf8 26. Rxd8+ Rxd8 27. Qf4 Qb2 28. Rc4 Rd1+ 29. Kh2 Qe5 30. Rb4 Qxf4+ 31. exf4 Rd7 32. Kg3 f5 33. Kf3 Ke7 34. Ke3 Kd8 35. g4 Kc7 36. a5 Rd5 37. Rc4 b6 38. axb6+ axb6 39. cxb6+ Kxb6 40. Rb4+ Rb5 41. Rd4 Rb3+ 42. Ke2 Kc7 43. Ra4 c5 44. Ra7+ Rb7 45. Ra8 c4 46. Rh8 Rb2+ 47. Ke3 Rb3+ 48. Kd4 Rxh3 49. gxf5 c3 50. fxe6 fxe6 51. Ra8 Rf3 52. Ra2 h5 53. Ke4 Rh3 54. f3 Rh1 55. Rc2 Re1+ 56. Kd4 Kd6 57. Rxc3 Ke7 58. Rc7+ Kf6 59. Rh7 Kg6 60. Rh8 Kf5 61. Rxh5+ Kxf4 62. Rh4+ Kxf3 63. Rh6 e5+ 64. Kd3 Rd1+ 65. Kc2 Rd8 66. Rf6+ Ke3 67. Kc1 e4 68. Kc2 Ke2 69. Kc1 Rc8+ 70. Kb2 e3 71. Kb3 Kd2 72. Rd6+ Ke1 73. Re6 e2 74. Kb2 Rf8 75. Re5 Kf2 0-1


[Site "https://www.chess.com"]

[Event "Titled Tuesday Blitz August 22 Late 2023"]
[White "Henriquez Villagra, Cristobal"]
[Black "Mackster23"]
[WhiteFideId "3409350"]
[WhiteElo "2931"]
[BlackElo "2483"]
[Result "1-0"]
[Round "1"]
[TimeControl "180+1"]
[Date "2023.08.22"]
[WhiteClock "0:01:17"]
[BlackClock "0:00:20"]
[Board "38"]

1. Nf3 Nf6 2. g3 g6 3. Bg2 Bg7 4. O-O O-O 5. d3 d6 6. c4 e5 7. Nc3 Nc6 8. Rb1 a5 9. a3 Re8 10. Ne1 Nd4 11. e3 Ne6 12. b4 axb4 13. axb4 c6 14. b5 Bd7 15. bxc6 bxc6 16. Nc2 Rb8 17. Ba3 Qc7 18. Qd2 Bf8 19. d4 Qa5 20. Bb4 Qa6 21. d5 cxd5 22. cxd5 Nc5 23. Bxc5 dxc5 24. e4 c4 25. h3 Bc5 26. Kh2 Rb3 27. f4 exf4 28. Rxf4 Nh5 29. Rf3 Reb8 30. Rbf1 f5 31. exf5 Bxf5 32. Rxf5 gxf5 33. Rxf5 Ng7 34. Rf3 Qa5 35. d6 Rd8 36. Qd5+ Kh8 37. Qxc4 Rb2 38. Ne4 Bxd6 39. Nxd6 Rxd6 40. Rf8# 1-0


[Site "https://www.chess.com"]

[Event "Titled Tuesday Blitz August 22 Late 2023"]
[White "Matta, Nicholas"]
[Black "Kramnik, Vladimir"]
[WhiteFideId "30914523"]
[BlackFideId "4101588"]
[WhiteElo "2483"]
[BlackElo "2929"]
[Result "0-1"]
[Round "1"]
[TimeControl "180+1"]
[Date "2023.08.22"]
[WhiteClock "0:00:33"]
[BlackClock "0:01:41"]
[Board "39"]

1. d4 Nf6 2. c4 e6 3. g3 d5 4. Bg2 Bb4+ 5. Nd2 O-O 6. Nf3 b6 7. O-O Bb7 8. a3 Be7 9. cxd5 exd5 10. b4 c6 11. Bb2 a5 12. Qb3 b5 13. Ne5 Na6 14. Rfc1 Rc8 15. Bh3 a4 16. Qf3 Rc7 17. Rc2 Ne4 18. Rac1 Ng5 19. Qg2 Nxh3+ 20. Qxh3 Nb8 21. e4 dxe4 22. Nxe4 c5 23. Nxc5 Ba8 24. Ne6 Qd5 25. f3 Rxc2 26. Rxc2 fxe6 0-1


[Site "https://www.chess.com"]

[Event "Titled Tuesday Blitz August 22 Late 2023"]
[White "Antipov, Mikhail Al."]
[Black "Itkis, Boris"]
[WhiteFideId "4107012"]
[BlackFideId "1209167"]
[WhiteElo "2927"]
[BlackElo "2482"]
[Result "1-0"]
[Round "1"]
[TimeControl "180+1"]
[Date "2023.08.22"]
[WhiteClock "0:01:49"]
[BlackClock "0:01:36"]
[Board "40"]

1. e4 e6 2. d4 d5 3. Nd2 c5 4. Ngf3 cxd4 5. exd5 Qxd5 6. Bc4 Qd6 7. Ne4 Qb4+ 8. Nfd2 Nf6 9. c3 dxc3 10. bxc3 Qa5 11. Nxf6+ gxf6 12. O-O Bd7 13. Ne4 Be7 14. Rb1 Bc6 15. Nd6+ Bxd6 16. Qxd6 Qd8 17. Qg3 Nd7 18. Qg7 Rf8 19. Ba3 Qa5 20. Bxf8 Nxf8 21. Qxf6 Qc5 22. Be2 Rd8 23. Rfd1 Rd5 24. Bf3 Rf5 25. Rd8# 1-0


[Site "https://www.chess.com"]

[Event "Titled Tuesday Blitz August 22 Late 2023"]
[White "Urbina Perez, Juan Antonio"]
[Black "Makarian, Rudik"]
[WhiteFideId "2217368"]
[BlackFideId "44105681"]
[WhiteElo "2482"]
[BlackElo "2927"]
[Result "0-1"]
[Round "1"]
[TimeControl "180+1"]
[Date "2023.08.22"]
[WhiteClock "0:00:26"]
[BlackClock "0:00:48"]
[Board "41"]

1. e4 c5 2. Nf3 Nc6 3. Bb5 e6 4. Bxc6 bxc6 5. d3 Bd6 6. O-O Ne7 7. Ng5 O-O 8. f4 f6 9. Nf3 Ng6 10. g3 Bc7 11. Nc3 d5 12. Qe1 Kh8 13. Bd2 c4 14. dxc4 Ba6 15. b3 dxc4 16. b4 Rb8 17. a3 Qe7 18. Qe2 c5 19. b5 Bxb5 20. Nxb5 Rxb5 21. Qxc4 Rfb8 22. Bc3 Ba5 23. Rfe1 Bxc3 24. Qxc3 e5 25. f5 Nf8 26. Rad1 c4 27. Qe3 Ra5 28. Ra1 Nd7 29. Red1 Nb6 30. Rd2 h6 31. Nh4 Kh7 32. Ng6 Qc7 33. Rad1 c3 34. Rd3 Rxa3 35. Kg2 Ra2 36. Rxc3 Rxc2+ 37. Rxc2 Qxc2+ 38. Rd2 Nc4 39. Qxa7 Qxe4+ 40. Kh3 Qxf5+ 41. Kg2 Nxd2 42. Qxb8 Qf1# 0-1


[Site "https://www.chess.com"]

[Event "Titled Tuesday Blitz August 22 Late 2023"]
[White "Mikaelyan, Arman"]
[Black "Sivakumar, Shaashwath"]
[WhiteFideId "13304852"]
[BlackFideId "30912156"]
[WhiteElo "2920"]
[BlackElo "2477"]
[Result "1-0"]
[Round "1"]
[TimeControl "180+1"]
[Date "2023.08.22"]
[WhiteClock "0:00:23"]
[BlackClock "0:00:01"]
[Board "42"]

1. b4 d5 2. Bb2 Nf6 3. e3 Bf5 4. Nf3 e6 5. a3 h6 6. Be2 Nbd7 7. O-O Be7 8. c4 O-O 9. Nc3 c6 10. d4 Bd6 11. Qb3 Ne4 12. Rac1 Bg4 13. Qc2 f5 14. h3 Bxf3 15. Bxf3 Qh4 16. Qe2 Rf6 17. cxd5 exd5 18. Nxe4 dxe4 19. Qc4+ Kh7 20. Be2 Nb6 21. Qc2 Rg6 22. Kh1 Nd5 23. Bc4 Nxe3 24. fxe3 Qg3 25. Rf4 Qxe3 26. Rcf1 Bxf4 27. Bc1 Qxd4 28. Bxf4 Rd8 29. Qe2 Rf6 30. Be3 Qd7 31. Qc2 Qc7 32. Bf4 Qe7 33. Bb3 g5 34. Be3 f4 35. Bc5 Qf7 36. Bxf7 1-0


[Site "https://www.chess.com"]

[Event "Titled Tuesday Blitz August 22 Late 2023"]
[White "Sanal, Vahap"]
[Black "Chernikov, Vladimir"]
[WhiteFideId "6300545"]
[BlackFideId "14112914"]
[WhiteElo "2916"]
[BlackElo "2477"]
[Result "1-0"]
[Round "1"]
[TimeControl "180+1"]
[Date "2023.08.22"]
[WhiteClock "0:02:51"]
[BlackClock "0:02:28"]
[Board "44"]

1. b3 e5 2. Bb2 Nc6 3. e3 d5 4. Bb5 Bd6 5. Nf3 f6 6. d4 e4 7. Nfd2 Ne7 8. c4 O-O 9. c5 a6 10. Bxc6 bxc6 11. cxd6 Qxd6 12. Ba3 1-0


[Site "https://www.chess.com"]

[Event "Titled Tuesday Blitz August 22 Late 2023"]
[White "The_Straightforward_Rook"]
[Black "Quesada Perez, Yasser"]
[BlackFideId "3509362"]
[WhiteElo "2475"]
[BlackElo "2914"]
[Result "0-1"]
[Round "1"]
[TimeControl "180+1"]
[Date "2023.08.22"]
[WhiteClock "0:00:12"]
[BlackClock "0:01:33"]
[Board "45"]

1. d4 Nf6 2. c4 e6 3. Nf3 d5 4. cxd5 exd5 5. Nc3 c6 6. Qc2 Bd6 7. Bg5 O-O 8. e3 Re8 9. Bd3 h6 10. Bh4 Nbd7 11. O-O Nf8 12. a3 Bg4 13. Nd2 Bh5 14. Bg3 Bxg3 15. hxg3 Bg6 16. b4 Rc8 17. Rfe1 Ng4 18. Rad1 Qg5 19. Nf3 Qh5 20. e4 dxe4 21. Nxe4 Ne6 22. Nd6 Nxd4 23. Rxe8+ Rxe8 24. Nh4 Nxc2 25. Bxg6 fxg6 26. Nxe8 Nf6 27. Nxf6+ gxf6 28. Nf3 Qf5 0-1


[Site "https://www.chess.com"]